[Event "Early-Titled-Tuesday-Blitz-December-26-2023"]
[Site "Chess.com"]
[Date "2023.12.26"]
[Round "4"]
[White "Witty_Alien"]
[Black "Vaibhavraut99"]
[Result "1-0"]
[WhiteElo "2470"]
[BlackElo "2653"]
[TimeControl "180+1"]
[EndTime "8:38:29 PST"]
[Termination "Witty_Alien won by checkmate"]

1. e4 c5 2. Nf3 e6 3. d4 cxd4 4. c3 Nc6 5. cxd4 d5 6. e5 Bd7 7. a3 Rc8 8. Bd3 a6 9. O-O Na5 10. Ng5 Be7 11. f4 g6 12. Nc3 h6 13. Nxf7 Kxf7 14.
Qg4 Kf8 15. Bxg6 h5 16. Qxh5 Rxh5 17. Bxh5 Qb6 18. f5 Qxd4+ 19. Kh1 exf5 20. Bf4 Bb5 21.
Rad1 Qc5 22. Rf3 d4 23. b4 Qc4 24. Nxb5 axb5 25. bxa5 Qc2 26. Rfd3 Bc5 27. Bg6 Ne7 28.
Bh6+ Kg8 29. Bh5 Kh7 30. Bg5 Nd5 31. Rh3 Kg7 32. Bf3 Rh8 33. Bf6+ Nxf6 34. exf6+ Kg8 35. Bd5+ Kf8 36. Rxh8# 1-0

[Event "Early-Titled-Tuesday-Blitz-December-26-2023"]
[Site "Chess.com"]
[Date "2023.12.26"]
[Round "4"]
[White "Zhigalko_Sergei"]
[Black "Shahdad2007"]
[Result "1-0"]
[WhiteElo "2887"]
[BlackElo "2336"]
[TimeControl "180+1"]
[EndTime "8:38:30 PST"]
[Termination "Zhigalko_Sergei won by checkmate"]

1. e4 c5 2. Nf3 d6 3. d4 cxd4 4. Qxd4 Nc6 5. Bb5 a6 6. Bxc6+ bxc6 7. c4 e5 8. Qd3 Be7 9. Nc3 Be6 10. O-O Nf6 11. c5 O-O 12. cxd6 Qxd6 13. Qxd6 Bxd6 14.
Rd1 Rfd8 15. Bg5 Bc7 16. Rac1 h6 17. Bxf6 gxf6 18. h3 Rxd1+ 19. Rxd1 Rd8 20. Rc1 Rd6 21. b3 Bb6 22. Na4 Ba7 23. Rc2 Kf8 24. Kf1 Ke7 25.
Ke2 Kd7 26. Nc5+ Bxc5 27. Rxc5 Kc7 28. Rc3 Kb6 29. g4 c5 30. Nd2 Rd4 31. Rf3 a5 32. Rxf6 a4 33. Rxh6 a3 34. Nc4+ Rxc4 35. bxc4 Ka5 36.
Rxe6 fxe6 37. Kd3 Kb4 38. h4 Ka5 39. h5 Kb6 40. h6 Kc7 41. h7 Kd7 42. h8=Q Ke7 43.
Qg7+ Kd6 44. g5 Kc6 45. Qxe5 Kb6 46. g6 Ka5 47. g7 Kb6 48. g8=Q Kc6 49. Qgxe6+ Kb7 50.
Qg7+ Kb8 51. Qeg8# 1-0

[Event "Early-Titled-Tuesday-Blitz-December-26-2023"]
[Site "Chess.com"]
[Date "2023.12.26"]
[Round "4"]
[White "deribas12345"]
[Black "Angry_Twin"]
[Result "0-1"]
[WhiteElo "2526"]
[BlackElo "2939"]
[TimeControl "180+1"]
[EndTime "8:38:30 PST"]
[Termination "Angry_Twin won on time"]

1. d4 Nf6 2. c4 e6 3. Nc3 Bb4 4. a3 Bxc3+ 5. bxc3 d6 6. f3 e5 7. e4 O-O 8. Bd3 Ne8 9. Ne2 c6 10. O-O c5 11. f4 Nc6 12. Be3 Qe7 13. Kh1 b6 14. d5 Na5 15. Ng3 f6 16. Ra2 g6 17.
Raf2 Ba6 18. Qe2 Ng7 19. fxe5 dxe5 20. h4 h5 21. Bh6 Bc8 22. Kh2 Nb7 23. Bg5 Bg4 24.
Rxf6 Rxf6 25. Bxf6 Bxe2 26. Bxe7 Bxd3 27. Rf6 Bxc4 28.
Rxg6 Kf7 29. Rg5 Re8 30. d6 Bb5 31. Nxh5 Nxh5 32. Rxh5 Ke6 33. Rh6+ Kd7 34. h5 Bd3 35.
Rh7 Nxd6 36. Bxd6+ Kxd6 37. Rxa7 Bxe4 38. g4 Bc2 39. g5 e4 40. g6 e3 41. h6 e2 0-1

[Event "Early-Titled-Tuesday-Blitz-December-26-2023"]
[Site "Chess.com"]
[Date "2023.12.26"]
[Round "4"]
[White "Artyom_ChessMate"]
[Black "TanitoluwaAps116"]
[Result "1-0"]
[WhiteElo "2520"]
[BlackElo "2723"]
[TimeControl "180+1"]
[EndTime "8:38:30 PST"]
[Termination "Artyom_ChessMate won on time"]

1. e4 c5 2. Nc3 Nc6 3. Bb5 g6 4.
Bxc6 bxc6 5. d3 Bg7 6. f4 d5 7.
Nf3 h5 8. O-O Bg4 9. h3 Bd4+ 10.
Kh2 e6 11. Qe1 Bxf3 12. Rxf3 Nf6 13. Na4 c4 14. c3 Ng4+ 15. Kh1 Bb6 16. Nxb6 Qxb6 17.
d4 Qd8 18. f5 Nf6 19. exd5 Nxd5 20. fxe6 f5 21. h4 Qf6 22. Bg5 Qg7 23. e7 Qf7 24. Qe5 Rg8 25. b3 Rc8 26. bxc4 Nb6 27. Rb1 Nxc4 28.
Qc5 Nb6 29. a4 Qd5 30. a5 Nc4 31. Qxa7 Nd6 32. Rb8 Qe6 33. Re3 Qd7 34. Qa8 Rxb8 35. Qxb8+ Kf7 36. Qb3+ 1-0

[Event "Early-Titled-Tuesday-Blitz-December-26-2023"]
[Site "Chess.com"]
[Date "2023.12.26"]
[Round "4"]
[White "Kostya0705"]
[Black "drillovsky"]
[Result "1-0"]
[WhiteElo "2574"]
[BlackElo "2365"]
[TimeControl "180+1"]
[EndTime "8:38:30 PST"]
[Termination "Kostya0705 won on time"]

1. e4 c5 2. Nf3 e6 3. d4 cxd4 4. Nxd4 Nf6 5. Nc3 Nc6 6. Ndb5 Bb4 7. a3 Bxc3+ 8. Nxc3 d5 9. Bd3 dxe4 10. Nxe4 Nxe4 11. Bxe4 Qxd1+ 12. Kxd1 f5 13. Bf3 Kf7 14. Be3 e5 15. a4 f4 16. Bc5 Bf5 17. Kc1 Rac8 18. c3 b6 19. Ba3 Na5 20. Bd5+ Be6 21. Bxe6+ Kxe6 22. Kc2 Rhd8 23. b3 e4 24. Rad1 Nc6 25.
Bc1 Ke5 26. g3 g5 27. h4 Rxd1 28. Kxd1 Rd8+ 29. Ke1 Na5 30. b4 Nb3 31. Bb2 g4 32.
c4+ Kf5 33. gxf4 Kxf4 34. Bc3 Nd4 35. Kd2 Nb5+ 36. Kc2 Nxc3 37. Kxc3 Rd3+ 38. Kc2 Rf3 39. c5 bxc5 40. bxc5 Rxf2+ 41. Kc3 Kg3 42. Re1 Kxh4 43.
Rxe4 Rf1 44. Kc2 h5 45. c6 Rf6 46. Rc4 Rf8 47. c7 Rc8 48. Kd2 Kh3 49. Ke2 g3 50.
Kf1 Rf8+ 51. Kg1 g2 52. Rc3+ Kg4 53. c8=Q+ 1-0

[Event "Early-Titled-Tuesday-Blitz-December-26-2023"]
[Site "Chess.com"]
[Date "2023.12.26"]
[Round "4"]
[White "DucksParadise"]
[Black "PawnEatingZombie"]
[Result "1-0"]
[WhiteElo "2477"]
[BlackElo "2159"]
[TimeControl "180+1"]
[EndTime "8:38:30 PST"]
[Termination "DucksParadise won on time"]

1. d4 e6 2. e4 d5 3. Nc3 Nf6 4. e5 Nfd7 5. f4 c5 6. Nf3 Nc6 7. Be3 Rb8 8. a3 Qa5 9. Qd2 b5 10. Ra2 a6 11. dxc5 Bxc5 12. Bxc5 Nxc5 13. b4 Nxb4 14. axb4 Qxb4 15. Bd3 d4 16. Nd1 Qb1 17. Rb2 Qa1 18. O-O O-O 19. Qb4 Na4 20. Rb1 Qa2 21. Qb3 Qxb3 22. Rxb3 Rd8 23. Nb2 Nc5 24. Rb4 Bd7 25.
Rxd4 a5 26. Ra1 a4 27. Rb4 Na6 28. Rd4 Nc5 29. Nd2 Bc6 30. Rxd8+ Rxd8 31. Kf2 b4 32.
Ke3 a3 33. Nbc4 Bxg2 34. Nb3 Na4 35. Nd6 Nc3 36. Nd4 Bd5 37. N4b5 Nxb5 38. Nxb5 g5 39.
fxg5 Rb8 40. c3 1-0

[Event "Early-Titled-Tuesday-Blitz-December-26-2023"]
[Site "Chess.com"]
[Date "2023.12.26"]
[Round "4"]
[White "Alexander_Donchenko"]
[Black "albi1999"]
[Result "1-0"]
[WhiteElo "2917"]
[BlackElo "2673"]
[TimeControl "180+1"]
[EndTime "8:38:32 PST"]
[Termination "Alexander_Donchenko won by resignation"]

1. Nf3 d5 2. g3 Nf6 3. Bg2 c5 4. O-O Nc6 5. d4 e6 6. c4 dxc4 7. Ne5 Bd7 8. Na3 cxd4 9. Naxc4 Be7 10. Bf4 Nd5 11. Nxd7 Qxd7 12. Ne5 Nxe5 13. Bxe5 O-O 14. Bxd4 Rfd8 15. e3 Rac8 16. Qb3 Bc5 17. Rfd1 Qe7 18. h4 h6 19. Rac1 Bxd4 20. Rxc8 Rxc8 21. Rxd4 Rc1+ 22. Kh2 Qf6 23. Bxd5 exd5 24. Kg2 Qa6 25. Rd3 Qc4 26. Qxc4 dxc4 27. Rd8+ Kh7 28. Rd7 Kg6 29. Rxb7 Rb1 30. Rb4 a5 31. Rxc4 Rxb2 32. Ra4 Rb5 33. Kf3 f5 34. Rd4 Rb2 35. Rd6+ Kf7 36. Rd5 Rxa2 37. Rxf5+ Ke6 38. Rb5 a4 39. Rb7 a3 40. Rxg7 Ra1 41. Ra7 h5 42. Kf4 a2 43. Kg5 Rf1 44. Rxa2 1-0

[Event "Early-Titled-Tuesday-Blitz-December-26-2023"]
[Site "Chess.com"]
[Date "2023.12.26"]
[Round "4"]
[White "Lady_Nika"]
[Black "maciek_92"]
[Result "0-1"]
[WhiteElo "2603"]
[BlackElo "2868"]
[TimeControl "180+1"]
[EndTime "8:38:32 PST"]
[Termination "maciek_92 won on time"]

1. d4 Nf6 2. e3 d5 3. f4 c5 4. Nf3 Nc6 5. c3 h6 6. Bd3 g5 7. Na3 gxf4 8. exf4 Rg8 9. O-O Bg4 10.
Be3 cxd4 11. Bxd4 e6 12. Qa4 Bxf3 13. Rxf3 a6 14. f5 Be7 15. fxe6 fxe6 16. Raf1 Nd7 17.
Bh7 Rg5 18. Be3 Rg7 19. Bb1 Bg5 20. Bd4 Nxd4 21. Qxd4 Qe7 22. h4 Bxh4 23. c4 Qg5 24.
R3f2 Bxf2+ 25. Rxf2 Qe5 26. Qh4 Qg5 27. Qd4 Qg4 28. Qe3 d4 29. Qxh6 O-O-O 30. c5 Ne5 31. c6 Rdg8 32. cxb7+ Kxb7 33. Qh2 Qd1+ 34. Rf1 Nf3+ 0-1

[Event "Early-Titled-Tuesday-Blitz-December-26-2023"]
[Site "Chess.com"]
[Date "2023.12.26"]
[Round "4"]
[White "Road2GM3000"]
[Black "ftorodent"]
[Result "1-0"]
[WhiteElo "2504"]
[BlackElo "2638"]
[TimeControl "180+1"]
[EndTime "8:38:32 PST"]
[Termination "Road2GM3000 won on time"]

1. d4 f5 2. c4 Nf6 3. Nf3 g6 4. g3 Bg7 5. Bg2 O-O 6. Nc3 d6 7. O-O Qe8 8. d5 a5 9. Qc2 Na6 10. b3 Bd7 11. Bb2 Nc5 12. Rad1 c6 13. dxc6 bxc6 14.
Nd4 Rd8 15. a3 e5 16. Nf3 Qe7 17. b4 axb4 18. axb4 Ne6 19. Nd2 Rb8 20. Ba3 e4 21. Nb3 Ng4 22. b5 c5 23. Nd5 Qf7 24. h3 Ne5 25. Bb2 h5 26. h4 Rfc8 27. Ba1 Nf8 28.
Nf4 Qe7 29. Nd2 Be8 30. Nb1 Bf7 31. Nd5 Qb7 32. Nbc3 Nxc4 33. Nxe4 Bxa1 34. Nef6+ Kg7 35. Rxa1 Qxb5 36. Qc3 Ne5 37. f4 Qxe2 38. fxe5 Rb2 39.
Qf3 Qxf3 40. Bxf3 dxe5 41. Ra7 e4 42. Bd1 Ne6 43. Nd7 1-0

[Event "Early-Titled-Tuesday-Blitz-December-26-2023"]
[Site "Chess.com"]
[Date "2023.12.26"]
[Round "4"]
[White "Barbix1"]
[Black "SmirnovTimofey2000"]
[Result "1/2-1/2"]
[WhiteElo "2274"]
[BlackElo "2021"]
[TimeControl "180+1"]
[EndTime "8:38:32 PST"]
[Termination "Game drawn by repetition"]

1. e4 e5 2. Nf3 Nf6 3. d4 Nxe4 4. Bd3 Nc6 5. d5 Nf6 6. dxc6 e4 7. O-O exd3 8. Re1+ Be7 9. Qxd3 dxc6 10. Qe2 Be6 11. Ng5 Bg4 12. Qe5 h6 13. Ne4 Be6 14. Bf4 Nxe4 15.
Qxe4 O-O 16. Nc3 Bg5 17. Rad1 Qe7 18. Bg3 Rac8 19. h4 Bf6 20. a3 Bxc3 21. bxc3 Qf6 22.
Be5 Qf5 23. Rd3 Qxe4 24. Rxe4 Bf5 25. Rg3 Bxe4 26. Rxg7+ Kh8 27. Rxf7+ Kg8 28. Rg7+ Kh8 29. Rxc7+ Kg8 30. Rg7+ Kh8 31. Rxb7+ Kg8 32. Rg7+ Kh8 33. Rxa7+ Kg8 34. Rg7+ Kh8 35. Rf7+ Kg8 36. Rg7+ Kh8 37. Rf7+ Kg8 38. Rg7+ 1/2-1/2

[Event "Early-Titled-Tuesday-Blitz-December-26-2023"]
[Site "Chess.com"]
[Date "2023.12.26"]
[Round "4"]
[White "Zq1"]
[Black "Alex_Banzea"]
[Result "0-1"]
[WhiteElo "2407"]
[BlackElo "2644"]
[TimeControl "180+1"]
[EndTime "8:38:34 PST"]
[Termination "Alex_Banzea won on time"]

1. d4 Nf6 2. c4 g6 3. Nc3 Bg7 4.
e4 d6 5. Nf3 O-O 6. Be2 Qe8 7.
O-O e5 8. Re1 exd4 9. Nxd4 Nxe4 10. Nd5 Qd8 11. Bf3 Nf6 12. Ne7+ Kh8 13. Nxc8 Qxc8 14.
Qb3 c6 15. Bf4 Nfd7 16. Rad1 Ne5 17. Be2 Na6 18. Qa3 Nc5 19. Nb3 Ne6 20. Bg3 f5 21. f4 Nf7 22. Bf3 Re8 23. h4 h5 24. Kh2 Bh6 25.
Nd4 Nxd4 26. Rxe8+ Qxe8 27. Rxd4 Qe7 28. Rd2 a6 29. Re2 Qd7 30. Qc3+ Bg7 31. Qd2 Re8 32. Bf2 Bf6 33. Rxe8+ Qxe8 34. g3 Qe6 35. Kg2 Qxc4 36. Qe3 Qxa2 37. Qe8+ Kg7 38. Qd7 Qxb2 39. Qe6 Bd4 0-1

[Event "Early-Titled-Tuesday-Blitz-December-26-2023"]
[Site "Chess.com"]
[Date "2023.12.26"]
[Round "4"]
[White "ProfessorChess101"]
[Black "UK_23"]
[Result "1-0"]
[WhiteElo "2603"]
[BlackElo "2331"]
[TimeControl "180+1"]
[EndTime "8:38:35 PST"]
[Termination "ProfessorChess101 won by checkmate"]

1. d4 d5 2. c4 e6 3. Nf3 Nf6 4. g3 Be7 5. Bg2 O-O 6. O-O c6 7. b3 a5 8. Bb2 a4 9. Qd3 a3 10. Bc3 b5 11. c5 Ne4 12. Be1 Nd7 13. b4 Bf6 14. Nxa3 e5 15. dxe5 Nxe5 16. Nxe5 Bxe5 17. Rd1 f5 18. Qb3 Qf6 19. Nc2 Be6 20. Qb1 g5 21. e3 h5 22. Nd4 Bd7 23. f3 Nxc5 24.
bxc5 Qe7 25. Qc2 Ra4 26. Bf2 Rc4 27. Qd3 Qxc5 28. e4 fxe4 29. Qd2 Qa3 30. Qxg5+ Bg7 31. fxe4 Qxa2 32. Nf3 Rxe4 33. Bd4 Rf7 34. Bxg7 Rxg7 35. Qd8+ Re8 36. Qf6 Bg4 37. Rde1 Rf8 38. Qxc6 b4 39. Ne5 Rxf1+ 40. Rxf1 b3 41. Bxd5+ Kh7 42.
Be4+ Kg8 43. Qe8# 1-0

[Event "Early-Titled-Tuesday-Blitz-December-26-2023"]
[Site "Chess.com"]
[Date "2023.12.26"]
[Round "4"]
[White "Azalea95"]
[Black "Shuvalov"]
[Result "0-1"]
[WhiteElo "2341"]
[BlackElo "2537"]
[TimeControl "180+1"]
[EndTime "8:38:36 PST"]
[Termination "Shuvalov won by resignation"]

1. e4 e6 2. d4 d5 3. Nc3 Bb4 4. Ne2 Nc6 5. a3 Ba5 6. exd5 exd5 7. Nf4 Nf6 8. Be2 O-O 9. O-O Re8 10. Bf3 Bxc3 11.
bxc3 Na5 12. Nd3 Nc4 13. Bg5 c6 14. Qc1 h6 15. Bh4 Bf5 16. Re1 Rxe1+ 17. Qxe1 g5 18. Bg3 Ne4 19. Ne5 Ned6 20. Qe2 f6 21. Nd3 Qe8 22.
Qd1 Nb5 23. Qe1 Qxe1+ 24. Rxe1 Kf8 25. Nc5 b6 26. Ne6+ Kf7 27. Bh5+ Bg6 28. Bxg6+ Kxg6 29. Nc7 Nxc7 30. Bxc7 Kf7 31. a4 Re8 32. Rxe8 Kxe8 33. Kf1 Kd7 34. Bb8 a5 35. Ke2 Nb2 36. g4 Nxa4 37.
Bg3 Nxc3+ 38. Kd3 Nb5 0-1

[Event "Early-Titled-Tuesday-Blitz-December-26-2023"]
[Site "Chess.com"]
[Date "2023.12.26"]
[Round "4"]
[White "JafarTheParrot"]
[Black "Magila31"]
[Result "0-1"]
[WhiteElo "2510"]
[BlackElo "2354"]
[TimeControl "180+1"]
[EndTime "8:38:37 PST"]
[Termination "Magila31 won by resignation"]

1. d4 Nf6 2. Bg5 Ne4 3. Bf4 d5 4. Nd2 Bf5 5. Ngf3 e6 6. g3 Be7 7. Bg2 O-O 8. O-O h6 9. Ne5 Nxd2 10. Qxd2 Nd7 11. c4 Nxe5 12. Bxe5 c6 13. cxd5 cxd5 14. Rfc1 Qb6 15. Bc7 Qa6 16. a3 Rac8 17. h4 Bd6 18. Bxd6 Qxd6 19. e3 Qb6 20. Bf1 Qb3 21. Be2 b6 22. f3 f6 23. Kf2 e5 24. dxe5 fxe5 25.
Rxc8 Rxc8 26. g4 Rc2 27. Qb4 Qxb4 28. axb4 Bd3 29. Rxa7 Rxe2+ 30. Kg3 Rxb2 31. g5 hxg5 32. hxg5 Rxb4 33. Rd7 d4 34. e4 Kh7 35. Kg4 Kg6 36.
Rd6+ Kf7 37. Kf5 Be2 38. Rd7+ Kf8 39. Ke6 Bc4+ 40. Kxe5 d3 41. g6 Rb5+ 42. Kf4 Rd5 43. Rf7+ Ke8 44. Rxg7 d2 45. Rg8+ Kd7 46. g7 Rf5+ 47.
Kxf5 Bxg8 0-1

[Event "Early-Titled-Tuesday-Blitz-December-26-2023"]
[Site "Chess.com"]
[Date "2023.12.26"]
[Round "4"]
[White "Nitzan_Steinberg"]
[Black "GeorgMeier"]
[Result "0-1"]
[WhiteElo "2866"]
[BlackElo "3041"]
[TimeControl "180+1"]
[EndTime "8:38:39 PST"]
[Termination "GeorgMeier won by resignation"]

1. e4 e6 2. Nf3 d5 3. exd5 exd5 4.
d4 Nf6 5. Bd3 Bd6 6. O-O O-O 7.
h3 h6 8. Re1 Re8 9. Nc3 Rxe1+ 10. Qxe1 Nc6 11. a3 Ne7 12. Nb5 Bf5 13. Qe2 Ne4 14. Nxd6 Nxd6 15. Bf4 Ng6 16. Bh2 c6 17. Re1 Bxd3 18. Qxd3 Nc4 19. Nd2 Nxb2 20. Qf5 Nc4 21. Nf3 Qc8 22. Qd3 Qd7 23. Ne5 Re8 24. f4 Ngxe5 25.
dxe5 f6 26. a4 fxe5 27. fxe5 Qe6 28. Bg3 Rf8 29. Kh2 b6 30. Qd4 c5 31. Qd3 d4 32.
Qe4 Ne3 33. Kg1 Rd8 34. Bf2 Qd5 35. Qxd5+ Nxd5 36. Kf1 Kf7 37. e6+ Ke7 38. Bh4+ g5 39.
Bf2 Rd6 0-1

[Event "Early-Titled-Tuesday-Blitz-December-26-2023"]
[Site "Chess.com"]
[Date "2023.12.26"]
[Round "4"]
[White "Kotlyar_K"]
[Black "pirulillo"]
[Result "0-1"]
[WhiteElo "2495"]
[BlackElo "2288"]
[TimeControl "180+1"]
[EndTime "8:38:39 PST"]
[Termination "pirulillo won by checkmate"]

1. e4 c5 2. Nf3 e6 3. d4 cxd4 4. Nxd4 Nf6 5. Nc3 Nc6 6. Ndb5 d6 7. Bf4 e5 8. Bg5 a6 9. Na3 b5 10. Nd5 Be7 11. Bxf6 Bxf6 12. c3 O-O 13. Nc2 Rb8 14. a4 bxa4 15. Ncb4 Nxb4 16. cxb4 Bb7 17. Rxa4 Bg5 18.
Bc4 Kh8 19. O-O f5 20. exf5 Rxf5 21. Bxa6 Bxd5 22. Qxd5 Qb6 23. Bd3 Rf4 24. Ra8 Qxb4 25. Rxb8+ Qxb8 26. Ra1 Rf8 27. b3 Qb6 28. Ra2 Be3 29.
Qf3 Bxf2+ 30. Kf1 Qd8 31. Qh5 Bd4+ 32. Ke1 g6 33. Bxg6 Qe7 34. Bd3 e4 35. Bc4 Qf6 36. Qe2 Bc3+ 37. Kd1 Qd4+ 38. Kc1 d5 39. Bb5 Bb4 40. Qd1 Rc8+ 41. Rc2 Qa1# 0-1

[Event "Early-Titled-Tuesday-Blitz-December-26-2023"]
[Site "Chess.com"]
[Date "2023.12.26"]
[Round "4"]
[White "Semetey"]
[Black "Ezov"]
[Result "1-0"]
[WhiteElo "2632"]
[BlackElo "2159"]
[TimeControl "180+1"]
[EndTime "8:38:42 PST"]
[Termination "Semetey won by resignation"]

1. c4 e5 2. d3 f5 3. Nf3 Nc6 4.
g3 Nf6 5. Bg2 Bc5 6. O-O O-O 7.
Nc3 d6 8. a3 a5 9. e3 Ba7 10.
d4 e4 11. Ne1 Bd7 12. Nc2 Ne7 13. b4 axb4 14. axb4 Bb6 15. Bb2 Rxa1 16. Qxa1 c6 17. c5 Bc7 18. Qa7 Qc8 19. Rb1 d5 20. Ba3 g5 21. b5 f4 22. bxc6 Bxc6 23. Nb4 Ng4 24. Nd1 Nf5 25. Bc1 fxg3 26. fxg3 Nxh2 27. Kxh2 Bxg3+ 28.
Kg1 Nh4 29. Nxc6 bxc6 30. Rb7 Nf5 31. Bh3 Bb8 32. Rxb8 Qxb8 33. Qxb8 Rxb8 34. Bxf5 Rb1 35. Kf2 Rxc1 36. Ke2 h5 37. Bd7 Kf7 38. Bxc6 Kf6 39. Bxd5 Rc2+ 40. Kf1 g4 41. Bxe4 Kg5 42. Bxc2 1-0

[Event "Early-Titled-Tuesday-Blitz-December-26-2023"]
[Site "Chess.com"]
[Date "2023.12.26"]
[Round "4"]
[White "nindjaxx8"]
[Black "PedroGil25"]
[Result "0-1"]
[WhiteElo "2571"]
[BlackElo "2394"]
[TimeControl "180+1"]
[EndTime "8:38:42 PST"]
[Termination "PedroGil25 won by checkmate"]

1. d4 Nf6 2. c4 e6 3. Nc3 Bb4 4.
Qc2 c5 5. e3 O-O 6. Nf3 cxd4 7.
exd4 d5 8. cxd5 exd5 9. Be2 Re8 10. O-O h6 11. Bf4 Nc6 12. Rad1 Ne4 13. Ne5 Qf6 14.
Bg3 Bxc3 15. bxc3 Bf5 16. Nd3 Nxg3 17. hxg3 Na5 18. Rfe1 Rac8 19. Qc1 Nc4 20. Nf4 Nb6 21. Bf3 Be4 22. Bxe4 dxe4 23. Qc2 Qc6 24. Rc1 Nd5 25.
Rxe4 Nxc3 26. Rxe8+ Qxe8 27. Kh1 Rc6 28. Qb3 Ne4 29.
Rc2 Nxf2+ 30. Kh2 Ng4+ 31. Kh3 Qd7 32. Rxc6 bxc6 33. Qb8+ Kh7 34. Qb1+ g6 35. Qb3 h5 36. a4 Kg7 37. Qc3 Kh7 38. Qb3 Qf5 39. Qb7 h4 40.
Ne2 Ne3+ 41. Kh2 Nf1+ 42. Kg1 Nxg3 43. Nc1 Qf1+ 44. Kh2 Qh1# 0-1

[Event "Early-Titled-Tuesday-Blitz-December-26-2023"]
[Site "Chess.com"]
[Date "2023.12.26"]
[Round "4"]
[White "anasta10"]
[Black "Zurability"]
[Result "1-0"]
[WhiteElo "2577"]
[BlackElo "2691"]
[TimeControl "180+1"]
[EndTime "8:38:43 PST"]
[Termination "anasta10 won on time"]

1. Nf3 d5 2. d4 Nf6 3. c4 e6 4.
Nc3 Bb4 5. g3 O-O 6. Bg2 dxc4 7.
O-O c5 8. dxc5 Qa5 9. Qd4 Nc6 10. Qxc4 Qxc5 11. Qxc5 Bxc5 12. Bf4 Bb4 13. Rac1 Bxc3 14. Rxc3 Nd5 15. Rcc1 Nxf4 16. gxf4 Rd8 17. Rfd1 Bd7 18. Ne5 Nxe5 19. fxe5 Bb5 20. e3 Ba6 21. Be4 g6 22. a3 Kf8 23. Rxd8+ Rxd8 24. Rc7 Rd2 25. b4 Ra2 26. Bxb7 Bd3 27. Rc3 Bb5 28. Kg2 g5 29.
Kg3 h5 30. h3 h4+ 31. Kf3 Kg7 32. Bc6 Be2+ 33. Kg2 Kg6 34. Be4+ Kg7 35. Bf3 Bb5 36. Bg4 Rd2 37. Bf3 Ba4 38. Rc7 a6 39. Bh5 1-0

[Event "Early-Titled-Tuesday-Blitz-December-26-2023"]
[Site "Chess.com"]
[Date "2023.12.26"]
[Round "4"]
[White "DvaHrasta"]
[Black "C_K_G"]
[Result "1-0"]
[WhiteElo "2461"]
[BlackElo "2043"]
[TimeControl "180+1"]
[EndTime "8:38:43 PST"]
[Termination "DvaHrasta won on time"]

1. c4 e5 2. g3 Bc5 3. Bg2 Nc6 4.
Nc3 a6 5. Nf3 d6 6. O-O Nge7 7.
e3 Bg4 8. h3 Bh5 9. g4 Bg6 10.
d4 exd4 11. exd4 Ba7 12. Bg5 O-O 13. Re1 f6 14. Bh4 h5 15. d5 Ne5 16. Nxe5 dxe5 17.
gxh5 Bf7 18. Ne4 Nf5 19. Qg4 Nxh4 20. Qxh4 f5 21. Qxd8 Raxd8 22. Ng5 e4 23. Kf1 Rd6 24. f3 e3 25. Nxf7 Kxf7 26. f4 Rh8 27. Bf3 g6 28.
Ke2 gxh5 29. Rg1 Rg6 30. Rxg6 Kxg6 31. Rg1+ Kf6 32. Rg5 h4 33. Bh5 Bd4 34. b3 b5 35.
Rg6+ Ke7 36. Re6+ Kd7 37. Bg6 bxc4 38. Bxf5 Kd8 39. bxc4 Rg8 40. Bg4 a5 41. Ra6 Ke7 42.
Rxa5 Kd6 43. Ra6+ Bb6 44. a4 Kc5 45. a5 Kxc4 46. axb6 cxb6 47. Rxb6 1-0

[Event "Early-Titled-Tuesday-Blitz-December-26-2023"]
[Site "Chess.com"]
[Date "2023.12.26"]
[Round "4"]
[White "isaak2009"]
[Black "mbojan"]
[Result "0-1"]
[WhiteElo "2620"]
[BlackElo "2914"]
[TimeControl "180+1"]
[EndTime "8:38:44 PST"]
[Termination "mbojan won by resignation"]

1. e4 a6 2. d4 e6 3. Bd3 d5 4.
e5 c5 5. c3 Bd7 6. Nf3 cxd4 7. cxd4 Bb5 8. Nc3 Bb4 9. O-O Bxd3 10. Qxd3 Bxc3 11. bxc3 Nc6 12. Rb1 Qc7 13. Nh4 Nge7 14. f4 g6 15. Ba3 Rc8 16. Bd6 Qd7 17. Rb6 Na5 18. Rfb1 Rc6 19. R6b2 O-O 20. g4 Rfc8 21. Bc5 b5 22. f5 exf5 23. gxf5 Nxf5 24. Nxf5 Qxf5 25. Qxf5 gxf5 26. Rf2 Nb7 27. Bb4 a5 28. Be7 Rg6+ 29. Kh1 Rxc3 30. Rxf5 Rc7 31. Bh4 b4 32. Bg3 Rd7 33. Rc1 Nd8 34. Rc8 Kg7 35.
Bh4 Ne6 36. Bf6+ Kh6 37. Rf3 Rg4 38. Rh3+ Kg6 39. Rg8+ Kf5 40. Rh5+ Kf4 41. Rxg4+ Kxg4 42. Rxh7 Rc7 43. Rh4+ Kf3 44. Rh3+ Kf2 45. Bh4+ Ke2 46.
Rg3 Nxd4 47. Kg2 Nf5 48. Rg4 Ne3+ 49. Kh3 Nxg4 0-1

[Event "Early-Titled-Tuesday-Blitz-December-26-2023"]
[Site "Chess.com"]
[Date "2023.12.26"]
[Round "4"]
[White "Korchmar_Vasiliy"]
[Black "BilodeauA"]
[Result "1-0"]
[WhiteElo "2786"]
[BlackElo "2879"]
[TimeControl "180+1"]
[EndTime "8:38:45 PST"]
[Termination "Korchmar_Vasiliy won by resignation"]

1. e4 e5 2. Nf3 Nc6 3. Bc4 Bc5 4. c3 Nf6 5. d3 d6 6. Bg5 h6 7. Bh4 Bb6 8. Nbd2 O-O 9. O-O Qe7 10.
Re1 Nd8 11. d4 g5 12. Bg3 Nh5 13. Nf1 Nf4 14. Ne3 Kh8 15. Bxf4 gxf4 16. Nd5 Qe8 17. Nf6 Qe7 18. Nd5 Qe8 19. Nh4 f6 20. Ne7 Kh7 21. Neg6 Rf7 22. Bxf7 Qxf7 23. dxe5 fxe5 24. Nxe5 Qg7 25.
Neg6 Nf7 26. Qh5 Be6 27. Nxf4 Bg4 28. Qg6+ Qxg6 29. Nhxg6 Re8 30. Nh4 Ne5 31. h3 Bd7 32. g3 Rf8 33. Kg2 Bc6 34. Nf3 Bb5 35. a4 Bc6 36. a5 Bc5 37. b4 Be3 38. Rxe3 Nc4 39. Re2 d5 40. exd5 Rxf4 41. gxf4 Ne3+ 42. Rxe3 Bxd5 43.
Re5 1-0

[Event "Early-Titled-Tuesday-Blitz-December-26-2023"]
[Site "Chess.com"]
[Date "2023.12.26"]
[Round "4"]
[White "ChessRespected"]
[Black "Virgo15"]
[Result "0-1"]
[WhiteElo "2580"]
[BlackElo "2760"]
[TimeControl "180+1"]
[EndTime "8:38:45 PST"]
[Termination "Virgo15 won on time"]

1. d4 Nf6 2. Nf3 g6 3. g3 Bg7 4.
Bg2 O-O 5. c4 d6 6. Nc3 Nc6 7. d5 Na5 8. b3 c5 9. Bb2 a6 10. O-O Rb8 11. a4 Bd7 12. Nd2 b5 13.
axb5 axb5 14. cxb5 Bxb5 15. Qc2 Qb6 16. h3 Bd7 17. Ra3 c4 18. Rfa1 Nxb3 19. Nxb3 cxb3 20. Qd2 Qb4 21. Ra7 Rfc8 22. Qe3 Kf8 23. g4 h6 24. Bf3 Rb7 25. Ra8 Rxa8 26. Rxa8+ Ne8 27. Kg2 Rc7 28. Nd1 h5 29. Bxg7+ Kxg7 30. gxh5 Nf6 31. h6+ Kh7 32. Nb2 Qc3 33. Qb6 Kxh6 34. Rh8+ Kg7 35. Qb8 Rc8 36. Rxc8 Bxc8 37. Nd1 Qc2 38. Ne3 Qc3 39. Nd1 Qd4 40. Ne3 b2 41. Nc2 Qh4 42.
Qxb2 Bxh3+ 43. Kg1 Bg4 44. Ne3 Bxf3 45. exf3 Qg5+ 46.
Kf1 Qf4 47. Ke2 Kh7 48. Qb3 Qe5 49. Qd3 Nh5 50. Qc4 Nf4+ 51. Kf1 Qa1+ 0-1

[Event "Early-Titled-Tuesday-Blitz-December-26-2023"]
[Site "Chess.com"]
[Date "2023.12.26"]
[Round "4"]
[White "rezamahdavi2008"]
[Black "mightysmasher"]
[Result "1-0"]
[WhiteElo "2868"]
[BlackElo "2602"]
[TimeControl "180+1"]
[EndTime "8:38:46 PST"]
[Termination "rezamahdavi2008 won by checkmate"]

1. Nf3 d5 2. c4 e6 3. g3 Nf6 4. Bg2 Be7 5. O-O O-O 6. b3 b6 7.
cxd5 exd5 8. Bb2 Bb7 9. e3 Nbd7 10. Nc3 c5 11. d4 Rc8 12. Rc1 Re8 13. Re1 Bf8 14. Ne2 Ba6 15. Nf4 Bb7 16. Ne5 Nxe5 17.
dxe5 Ne4 18. Bxe4 dxe4 19. Qg4 Qe7 20. Rcd1 Rcd8 21. Nh5 Kh8 22. e6 f6 23. Rd7 Rxd7 24. exd7 Rd8 25. Rd1 Bc6 26. Qh4 Rxd7 27. Re1 Rd6 28.
Kg2 Be8 29. Nf4 Kg8 30. Qg4 Bd7 31. Qe2 Bc8 32. h4 Qd8 33. Bc3 Bb7 34. h5 Qe7 35.
Qg4 Qd7 36. Qe2 b5 37. a3 a6 38. a4 bxa4 39. Qc4+ Qf7 40. Qxa4 Qd7 41. Qc4+ Qf7 42. Qa4 Rc6 43. Rd1 c4 44. Rd8 cxb3 45. Bb4 Rc8 46.
Rxc8 Bxc8 47. Bxf8 Kxf8 48. Qb4+ Kg8 49. Qb8 Qe8 50. Qxb3+ Kh8 51. Qd5 Qd7 52. Qc5 Qe8 53.
Qd6 Qg8 54. h6 a5 55. hxg7+ Qxg7 56. Nh5 Qd7 57. Qf8# 1-0